Predators vs Rangers

Created - Monday, March 02, 2015 at 23:37

Goals
1 2 3 T
Predators 1 1 2 4
Rangers 0 1 0 1
Shots
1 2 3 T
Predators 17 9 9 35
Rangers 10 10 4 24

1st period

1. Predators , Patrice Bergeron 27 (Roman Josi) at 12:40 (PP)

Penalties :
Logan Couture (NYR) for Holding (Minor) at 0:15, Valtteri Filppula (Nsh) for Holding (Minor) at 4:53, Kevin Bieksa (NYR) for Close Hand On Puck (Minor) at 10:52

2nd period

2. Rangers , Daniel Alfredsson 13 (Logan Couture, James van Riemsdyk) at 7:46 (PP)
3. Predators , Roman Josi 8 (Trevor Daley, Patrice Bergeron) at 13:03 (PP)

Penalties :
Kevin Bieksa (NYR) for Tripping (Minor) at 0:26, James van Riemsdyk (NYR) for Hooking (Minor) at 1:01, Evander Kane (Nsh) for Cross-checking (Minor) at 1:42, Patrick Maroon (Nsh) for Holding (Minor) at 7:09, Kevin Bieksa (NYR) for Slashing (Minor) at 12:38, Evander Kane (Nsh) for Hooking (Minor) at 13:33

3rd period

4. Predators , Evander Kane 24 (Patrice Bergeron) at 5:20 (PP)
5. Predators , Ed Jovanovski 3 (Valtteri Filppula, Nick Schultz) at 14:11 (PP)

Penalties :
Luca Sbisa (NYR) for Holding (Minor) at 5:05, James van Riemsdyk (NYR) for Hooking (Minor) at 5:59, Jeff Skinner (NYR) for Tripping (Minor) at 13:09

Goalie Stats

Kari Lehtonen (Nsh), 23 saves from 24 shots - (0.958), W, 39-18-4, 60:00 minutes
Jaroslav Halak (NYR), 31 saves from 35 shots - (0.886), L, 18-18-3, 60:00 minutes

Players Stats for Predators

Player Name              G  A  P  +/- PIM S  H  SB GA TA FO     MP     PP MP  PK MP  
------------------------------------------------------------------------------------
Antoine Vermette         0  0  0   0  0   4  0  0  0  0  16/23  23:11   3:24   2:25 
Ben Smith                0  0  0   0  0   0  0  0  1  0  0/0    12:19   0:00   0:00 
Brian Lashoff            0  0  0   0  0   0  1  1  0  0  0/0    12:09   0:00   0:00 
Corey Perry              0  0  0   0  0   2  1  0  2  1  0/1    17:33   3:55   0:00 
Corey Tropp              0  0  0   0  0   1  0  1  0  0  0/0     7:45   0:00   0:00 
Damien Brunner           0  0  0   0  0   1  0  0  0  0  1/1    15:18   4:49   0:00 
Ed Jovanovski            1  0  1   0  0   1  1  0  0  1  0/0    21:14   2:44   3:24 
Eric Fehr                0  0  0   0  0   1  2  0  0  0  0/0    16:56   0:00   3:05 
Evander Kane             1  0  1   0  4   5  3  1  5  0  2/4    17:35   4:48   1:36 
Matt Halischuk           0  0  0   0  0   0  0  0  0  0  0/0     0:36   0:00   0:13 
Nick Schultz             0  1  1   0  0   4  1  2  0  3  0/0    20:59   2:44   1:52 
Patrice Bergeron         1  2  3   0  0   2  0  0  0  1  11/15  20:16   4:49   0:00 
Patrick Maroon           0  0  0   0  2   0  0  0  0  0  0/0     7:44   0:00   0:00 
Roman Josi               1  1  2   0  0   3  2  3  2  1  0/0    26:52   6:00   3:24 
Tomas Plekanec           0  0  0   0  0   3  0  0  3  1  4/11   16:49   0:31   3:13 
Trevor Daley             0  1  1   0  0   6  1  3  0  2  0/0    26:37   6:00   1:52 
Valtteri Filppula        0  1  1   0  2   2  1  0  4  0  0/0    17:20   3:55   0:00 
Victor Bartley           0  0  0   0  0   0  1  0  0  1  0/0    12:09   0:00   0:00 

Players Stats for Rangers

Player Name              G  A  P  +/- PIM S  H  SB GA TA FO     MP     PP MP  PK MP  
------------------------------------------------------------------------------------
Brad Richardson          0  0  0   0  0   2  3  2  0  1  3/5    18:21   0:03   4:12 
Daniel Alfredsson        1  0  1   0  0   3  1  0  1  0  0/4    15:39   2:54   1:31 
Daniel Sedin             0  0  0   0  0   4  1  0  2  0  1/1    17:50   2:19   2:26 
Francis Bouillon         0  0  0   0  0   0  0  1  1  0  0/0    11:18   0:00   0:00 
James van Riemsdyk       0  1  1   0  4   1  2  0  0  0  7/19   23:15   2:57   3:26 
Jamie McBain             0  0  0   0  0   1  0  1  0  0  0/0    19:28   2:35   2:01 
Jay McClement            0  0  0   0  0   0  0  1  0  2  6/13   16:33   2:19   1:23 
Jeff Skinner             0  0  0   0  2   3  0  0  0  0  1/8    14:02   0:00   0:00 
Justin Falk              0  0  0   0  0   1  0  1  0  0  0/0     5:08   0:00   0:45 
Kevin Bieksa             0  0  0   0  6   0  6  5  0  0  0/0    25:37   2:41   3:52 
Kevin Shattenkirk        0  0  0   0  0   2  2  4  0  3  0/0    24:51   2:41   7:26 
Logan Couture            0  1  1   0  2   2  0  0  3  2  0/0    18:38   2:54   4:31 
Luca Sbisa               0  0  0   0  2   2  3  0  1  2  0/0    19:27   2:35   2:01 
Matt Moulson             0  0  0   0  0   2  2  0  3  0  0/0    13:31   0:00   0:00 
Maxim Lapierre           0  0  0   0  0   0  2  0  1  0  3/4     7:47   0:00   0:00 
Philip Larsen            0  0  0   0  0   1  0  0  1  0  0/0    14:45   0:03   2:49 
Tanner Glass             0  0  0   0  0   0  0  0  1  0  0/1     7:47   0:00   0:00 
Todd Bertuzzi            0  0  0   0  0   0  1  0  5  0  0/0    14:29   2:19   0:00 

3 Stars

1 - Patrice Bergeron (Nsh)
2 - Roman Josi (Nsh)
3 - Kari Lehtonen (Nsh)

Power Play

Predators - 4 on 8 Attempt(s) - 50.00%
Rangers - 1 on 4 Attempt(s) - 25.00%

Penalty Kill

Predators - 3 on 4 Attempt(s) - 75.00% - Score 0 goal in Penalty Kill
Rangers - 4 on 8 Attempt(s) - 50.00% - Score 0 goal in Penalty Kill

Team Stat

Predators - Hits : 14 - Faceoff Wins : 34 - Blocked Shots : 11 - Penalty Minutes : 8
Rangers - Hits : 23 - Faceoff Wins : 21 - Blocked Shots : 15 - Penalty Minutes : 16

Official

Referees : Unknown
Linesman : Unknown

Game Notes

No Game Note

Finance

Level 1 -- Attendance: 5977 (99.62%) -- Ticket Income $508,045
Level 2 -- Attendance: 4852 (97.04%) -- Ticket Income $218,340
Level 3 -- Attendance: 1942 (97.10%) -- Ticket Income $56,318
Level 4 -- Attendance: 4000 (100.00%) -- Ticket Income $60,000
Luxury Box -- Attendance: 1000 (100.00%) -- Ticket Income $179,000
Game was played at the Madison Square Garden'
Total Attendance: 17771 (98.73%)
Total Ticket Income: $1,021,703
Other Income: $500,634
Total Income: $1,522,337

Predators

5 vs 5 Forward 
   Center                   Left Wing                Right Wing               Time % Phy DF OF 
 1 Patrice Bergeron         Valtteri Filppula        Corey Perry              30     0   1  4  
 2 Antoine Vermette         Evander Kane             Damien Brunner           30     0   1  4  
 3 Tomas Plekanec           Ben Smith                Eric Fehr                20     1   2  2  
 4 Antoine Vermette         Patrick Maroon           Corey Tropp              20     5   0  0  

5 vs 5 Defense 
   Defense                  Defense                                           Time % Phy DF OF 
 1 Roman Josi               Ed Jovanovski                                     37     1   2  2  
 2 Trevor Daley             Nick Schultz                                      37     1   2  2  
 3 Brian Lashoff            Victor Bartley                                    13     2   3  0  
 4 Roman Josi               Trevor Daley                                      13     1   2  2  

PowerPlay Forward 
   Center                   Left Wing                Right Wing               Time % Phy DF OF 
 1 Antoine Vermette         Valtteri Filppula        Corey Perry              50     0   0  5  
 2 Patrice Bergeron         Evander Kane             Damien Brunner           50     0   0  5  

PowerPlay Defense
   Defense                  Defense                                           Time % Phy DF OF 
 1 Roman Josi               Trevor Daley                                      70     0   1  4  
 2 Ed Jovanovski            Nick Schultz                                      30     0   1  4  

Penalty Kill 4 Players Forward 
   Center                   Wing                     Time % Phy DF OF 
 1 Tomas Plekanec           Evander Kane             50     0   5  0  
 2 Antoine Vermette         Eric Fehr                50     0   5  0  

Penalty Kill 4 Players Defense
   Defense                  Defense                  Time % Phy DF OF 
 1 Roman Josi               Ed Jovanovski            50     1   4  0  
 2 Trevor Daley             Nick Schultz             50     1   4  0  

Penalty Kill - 3 Players Forward 
   Forward                                           Time % Phy DF OF 
 1 Tomas Plekanec                                    50     0   5  0  
 2 Antoine Vermette                                  50     0   5  0  

Penalty Kill - 3 Players Defense
   Defense                  Defense                  Time % Phy DF OF 
 1 Roman Josi               Victor Bartley           55     1   4  0  
 2 Trevor Daley             Nick Schultz             45     1   4  0  

4 vs 4 Forward 
   Center                   Wing                     Time % Phy DF OF 
 1 Patrice Bergeron         Corey Perry              50     1   1  3  
 2 Antoine Vermette         Evander Kane             50     2   1  2  

4 vs 4 Defense
   Defense                  Defense                  Time % Phy DF OF 
 1 Roman Josi               Ed Jovanovski            55     1   2  2  
 2 Trevor Daley             Nick Schultz             45     1   3  1  

Last Minutes Offensive
   Center                   Left Wing                Right Wing               Defense                  Defense                  
   Patrice Bergeron         Valtteri Filppula        Corey Perry              Roman Josi               Trevor Daley             

Last Minutes Defensive
   Center                   Left Wing                Right Wing               Defense                  Defense                  
   Antoine Vermette         Evander Kane             Corey Perry              Roman Josi               Trevor Daley             

Goaltenders
Starting : Kari Lehtonen            
Backup : Anders Lindback          

Extra Forwards
Normal : Patrice Bergeron, Corey Perry, Tomas Plekanec - PP : Tomas Plekanec, Eric Fehr - PK : Antoine Vermette
Extra Defensemen
Normal : Roman Josi, Trevor Daley, Ed Jovanovski - PP : Nick Schultz - PK : Nick Schultz, Brian Lashoff
Penalty Shots
Patrice Bergeron, Eric Fehr, Corey Perry, Valtteri Filppula, Antoine Vermette

Rangers

5 vs 5 Forward 
   Center                   Left Wing                Right Wing               Time % Phy DF OF 
 1 James van Riemsdyk       Logan Couture            Daniel Alfredsson        35     1   2  2  
 2 Jay McClement            Daniel Sedin             Todd Bertuzzi            30     1   2  2  
 3 Jeff Skinner             Matt Moulson             Brad Richardson          22     1   2  2  
 4 Maxim Lapierre           Tanner Glass             James van Riemsdyk       13     1   2  2  

5 vs 5 Defense 
   Defense                  Defense                                           Time % Phy DF OF 
 1 Kevin Bieksa             Kevin Shattenkirk                                 35     1   2  2  
 2 Jamie McBain             Luca Sbisa                                        30     1   2  2  
 3 Francis Bouillon         Philip Larsen                                     22     1   2  2  
 4 Justin Falk              Kevin Bieksa                                      13     1   2  2  

PowerPlay Forward 
   Center                   Left Wing                Right Wing               Time % Phy DF OF 
 1 James van Riemsdyk       Logan Couture            Daniel Alfredsson        60     1   2  2  
 2 Jay McClement            Daniel Sedin             Todd Bertuzzi            40     1   2  2  

PowerPlay Defense
   Defense                  Defense                                           Time % Phy DF OF 
 1 Kevin Bieksa             Kevin Shattenkirk                                 60     1   2  2  
 2 Jamie McBain             Luca Sbisa                                        40     1   2  2  

Penalty Kill 4 Players Forward 
   Center                   Wing                     Time % Phy DF OF 
 1 James van Riemsdyk       Logan Couture            60     1   2  2  
 2 Daniel Alfredsson        Daniel Sedin             40     1   2  2  

Penalty Kill 4 Players Defense
   Defense                  Defense                  Time % Phy DF OF 
 1 Kevin Bieksa             Kevin Shattenkirk        60     1   2  2  
 2 Jamie McBain             Luca Sbisa               40     1   2  2  

Penalty Kill - 3 Players Forward 
   Forward                                           Time % Phy DF OF 
 1 James van Riemsdyk                                60     1   2  2  
 2 Logan Couture                                     40     1   2  2  

Penalty Kill - 3 Players Defense
   Defense                  Defense                  Time % Phy DF OF 
 1 Kevin Bieksa             Kevin Shattenkirk        60     1   2  2  
 2 Jamie McBain             Luca Sbisa               40     1   2  2  

4 vs 4 Forward 
   Center                   Wing                     Time % Phy DF OF 
 1 James van Riemsdyk       Logan Couture            60     1   2  2  
 2 Daniel Alfredsson        Daniel Sedin             40     1   2  2  

4 vs 4 Defense
   Defense                  Defense                  Time % Phy DF OF 
 1 Kevin Bieksa             Kevin Shattenkirk        60     1   2  2  
 2 Jamie McBain             Luca Sbisa               40     1   2  2  

Last Minutes Offensive
   Center                   Left Wing                Right Wing               Defense                  Defense                  
   James van Riemsdyk       Logan Couture            Daniel Alfredsson        Kevin Bieksa             Kevin Shattenkirk        

Last Minutes Defensive
   Center                   Left Wing                Right Wing               Defense                  Defense                  
   James van Riemsdyk       Logan Couture            Daniel Alfredsson        Kevin Bieksa             Kevin Shattenkirk        

Goaltenders
Starting : Jaroslav Halak           
Backup : Chad Johnson             

Extra Forwards
Normal : Jeff Skinner, Matt Moulson, Brad Richardson - PP : Jeff Skinner, Matt Moulson - PK : Brad Richardson
Extra Defensemen
Normal : Francis Bouillon, Philip Larsen, Justin Falk - PP : Francis Bouillon - PK : Philip Larsen, Justin Falk
Penalty Shots
James van Riemsdyk, Logan Couture, Daniel Alfredsson, Daniel Sedin, Jay McClement

% Time on Ice - Predators

Lines # - Real PCT - Wanted PCT - Time Play
Normal Forward
1 - 30% - 30% - 13:37
2 - 25% - 30% - 11:01
3 - 28% - 20% - 12:19
4 - 17% - 20% - 7:45
Normal Defense
1 - 35% - 37% - 15:37
2 - 35% - 37% - 15:48
3 - 27% - 13% - 12:09
4 - 3% - 13% - 1:08
PP Forward
1 - 45% - 50% - 3:55
2 - 55% - 50% - 4:49
PP Defense
1 - 69% - 70% - 6:00
2 - 31% - 30% - 2:44
PK Forward
1 - 59% - 50% - 3:06
2 - 41% - 50% - 2:10
PK Defense
1 - 65% - 50% - 3:24
2 - 35% - 50% - 1:52
PK3 Forward
1 - 0% - 50%
2 - 0% - 50%
PK3 Defense
1 - 0% - 55%
2 - 0% - 45%
44 Forward
1 - 28% - 50% - 0:22
2 - 72% - 50% - 0:56
44 Defense
1 - 55% - 55% - 0:43
2 - 45% - 45% - 0:35
Last Minute Offensive  - 0:00
Last Minute Defensive  - 0:00
Total
Forward - 60:00
Defense - 60:00

% Time on Ice - Rangers

Lines # - Real PCT - Wanted PCT - Time Play
Normal Forward
1 - 23% - 35% - 10:19
2 - 29% - 30% - 13:05
3 - 30% - 22% - 13:31
4 - 17% - 13% - 7:47
Normal Defense
1 - 32% - 35% - 14:09
2 - 33% - 30% - 14:52
3 - 25% - 22% - 11:18
4 - 10% - 13% - 4:23
PP Forward
1 - 56% - 60% - 2:57
2 - 44% - 40% - 2:19
PP Defense
1 - 51% - 60% - 2:41
2 - 49% - 40% - 2:35
PK Forward
1 - 81% - 60% - 6:32
2 - 19% - 40% - 1:31
PK Defense
1 - 75% - 60% - 6:02
2 - 25% - 40% - 2:01
PK3 Forward
1 - 100% - 60% - 1:24
2 - 0% - 40% - 0:00
PK3 Defense
1 - 100% - 60% - 1:24
2 - 0% - 40% - 0:00
44 Forward
1 - 100% - 60% - 0:35
2 - 0% - 40% - 0:00
44 Defense
1 - 100% - 60% - 0:35
2 - 0% - 40% - 0:00
Last Minute Offensive  - 0:00
Last Minute Defensive  - 0:00
Total
Forward - 60:00
Defense - 60:00

Play by Play

1st period


0:01 of 1st period - Patrice Bergeron wins face-off versus James van Riemsdyk in neutral zone.
0:15 of 1st period - Minor Penalty to Logan Couture for Holding.
0:16 of 1st period - Antoine Vermette wins face-off versus James van Riemsdyk in Rangers zone.
0:42 of 1st period - Valtteri Filppula is hit by Brad Richardson and loses puck.
1:11 of 1st period - Roman Josi is hit by Kevin Bieksa.
1:22 of 1st period - Luca Sbisa is hit by Evander Kane and loses puck.
1:33 of 1st period - Snap shot by Damien Brunner.
1:33 of 1st period - Deflect By Jamie McBain.
1:33 of 1st period - Shot Misses the Net.
1:33 of 1st period - Puck is out of play.
1:34 of 1st period - James van Riemsdyk wins face-off versus Antoine Vermette in Rangers zone.
1:49 of 1st period - Snap shot by Corey Perry.
1:49 of 1st period - Stopped by Jaroslav Halak with a rebound.
2:00 of 1st period - Off-side.
2:01 of 1st period - Patrice Bergeron wins face-off versus Daniel Alfredsson in neutral zone.
2:10 of 1st period - Snap shot by Patrice Bergeron.
2:10 of 1st period - Deflect By Daniel Alfredsson.
2:10 of 1st period - Stopped by Jaroslav Halak without a rebound.
2:11 of 1st period - Patrice Bergeron wins face-off versus Daniel Alfredsson in Rangers zone.
2:12 of 1st period - Slapshot by Evander Kane.
2:12 of 1st period - Stopped by Jaroslav Halak without a rebound.
2:13 of 1st period - Evander Kane wins face-off versus Daniel Alfredsson in Rangers zone.
2:15 of 1st period - Penalty to Logan Couture is over, Logan Couture is back on ice.
2:32 of 1st period - Slapshot by Damien Brunner.
2:32 of 1st period - Stopped by Jaroslav Halak with a rebound.
2:34 of 1st period - Slapshot by Trevor Daley.
2:34 of 1st period - Shot Blocked by Kevin Shattenkirk.
2:38 of 1st period - Wrist shot by Evander Kane.
2:38 of 1st period - Stopped by Jaroslav Halak with a rebound.
3:26 of 1st period - Snap shot by Matt Moulson.
3:26 of 1st period - Shot Blocked by Roman Josi.
3:28 of 1st period - Snap shot by Brad Richardson.
3:28 of 1st period - Stopped by Kari Lehtonen with a rebound.
3:30 of 1st period - Slapshot by Luca Sbisa.
3:30 of 1st period - Shot Blocked by Trevor Daley.
3:47 of 1st period - Wrist shot by Jeff Skinner.
3:47 of 1st period - Stopped by Kari Lehtonen with a rebound.
4:53 of 1st period - Minor Penalty to Valtteri Filppula for Holding.
4:54 of 1st period - James van Riemsdyk wins face-off versus Tomas Plekanec in Predators zone.
5:12 of 1st period - Snap shot by Logan Couture.
5:12 of 1st period - Stopped by Kari Lehtonen with a rebound.
5:14 of 1st period - Snap shot by Logan Couture.
5:14 of 1st period - Shot Misses the Net.
5:16 of 1st period - Slapshot by Kevin Shattenkirk.
5:16 of 1st period - Shot Blocked by Roman Josi.
5:18 of 1st period - Slapshot by Kevin Shattenkirk.
5:18 of 1st period - Stopped by Kari Lehtonen without a rebound.
5:19 of 1st period - Jay McClement wins face-off versus Antoine Vermette in Predators zone.
5:30 of 1st period - Wrist shot by Antoine Vermette.
5:30 of 1st period - Stopped by Jaroslav Halak with a rebound.
5:32 of 1st period - Wrist shot by Trevor Daley.
5:32 of 1st period - Shot Blocked by Jamie McBain.
5:34 of 1st period - Slapshot by Trevor Daley.
5:34 of 1st period - Stopped by Jaroslav Halak with a rebound.
6:02 of 1st period - Daniel Alfredsson is hit by Trevor Daley and loses puck.
6:13 of 1st period - Evander Kane is hit by Daniel Alfredsson and loses puck.
6:50 of 1st period - Snap shot by Eric Fehr.
6:50 of 1st period - Shot Misses the Net.
6:53 of 1st period - Penalty to Valtteri Filppula is over, Valtteri Filppula is back on ice.
7:08 of 1st period - Nick Schultz is hit by Kevin Shattenkirk and loses puck.
7:48 of 1st period - Icing by Brad Richardson.
7:49 of 1st period - Evander Kane wins face-off versus Jeff Skinner in Rangers zone.
9:32 of 1st period - Wrist shot by Daniel Sedin.
9:32 of 1st period - Stopped by Kari Lehtonen with a rebound.
9:34 of 1st period - Slapshot by Luca Sbisa.
9:34 of 1st period - Stopped by Kari Lehtonen with a rebound.
9:36 of 1st period - Wrist shot by Luca Sbisa.
9:36 of 1st period - Shot Blocked by Trevor Daley.
9:38 of 1st period - Snap shot by Daniel Sedin.
9:38 of 1st period - Stopped by Kari Lehtonen with a rebound.
10:52 of 1st period - Minor Penalty to Kevin Bieksa for Close Hand On Puck.
10:53 of 1st period - James van Riemsdyk wins face-off versus Patrice Bergeron in Rangers zone.
12:19 of 1st period - Nick Schultz is hit by Luca Sbisa and loses puck.
12:40 of 1st period - Snap shot by Patrice Bergeron.
12:40 of 1st period - Goal by Patrice Bergeron - Predators : 1 - Rangers : 0.
12:41 of 1st period - Brad Richardson wins face-off versus Tomas Plekanec in neutral zone.
12:56 of 1st period - Snap shot by Jeff Skinner.
12:56 of 1st period - Shot Blocked by Brian Lashoff.
13:02 of 1st period - Snap shot by Tomas Plekanec.
13:02 of 1st period - Stopped by Jaroslav Halak without a rebound.
13:03 of 1st period - Antoine Vermette wins face-off versus Jay McClement in Rangers zone.
13:58 of 1st period - Justin Falk is hit by Corey Perry and loses puck.
14:09 of 1st period - Snap shot by Corey Perry.
14:09 of 1st period - Stopped by Jaroslav Halak with a rebound.
14:11 of 1st period - Wrist shot by Patrice Bergeron.
14:11 of 1st period - Shot Misses the Net.
14:13 of 1st period - Snap shot by Trevor Daley.
14:13 of 1st period - Shot Blocked by Kevin Bieksa.
14:15 of 1st period - Slapshot by Trevor Daley.
14:15 of 1st period - Shot Misses the Net.
14:49 of 1st period - Wrist shot by Logan Couture.
14:49 of 1st period - Stopped by Kari Lehtonen without a rebound.
14:50 of 1st period - Maxim Lapierre wins face-off versus Antoine Vermette in Predators zone.
14:53 of 1st period - Wrist shot by James van Riemsdyk.
14:53 of 1st period - Stopped by Kari Lehtonen without a rebound.
14:54 of 1st period - Antoine Vermette wins face-off versus Maxim Lapierre in Predators zone.
15:05 of 1st period - Slapshot by Jamie McBain.
15:05 of 1st period - Shot Blocked by Evander Kane.
15:07 of 1st period - Slapshot by Luca Sbisa.
15:07 of 1st period - Shot Misses the Net.
15:09 of 1st period - Snap shot by Maxim Lapierre.
15:09 of 1st period - Shot Misses the Net.
16:15 of 1st period - Roman Josi is hit by Todd Bertuzzi and loses puck.
16:30 of 1st period - Slapshot by Roman Josi.
16:30 of 1st period - Deflect By Jeff Skinner.
16:30 of 1st period - Stopped by Jaroslav Halak without a rebound.
16:31 of 1st period - Tomas Plekanec wins face-off versus Jeff Skinner in Rangers zone.
16:32 of 1st period - Snap shot by Eric Fehr.
16:32 of 1st period - Stopped by Jaroslav Halak with a rebound.
16:34 of 1st period - Backhand shot by Nick Schultz.
16:34 of 1st period - Stopped by Jaroslav Halak with a rebound.
16:36 of 1st period - Slapshot by Nick Schultz.
16:36 of 1st period - Stopped by Jaroslav Halak with a rebound.
16:38 of 1st period - Slapshot by Trevor Daley.
16:38 of 1st period - Stopped by Jaroslav Halak without a rebound.
16:39 of 1st period - Tomas Plekanec wins face-off versus Jeff Skinner in Rangers zone.
16:42 of 1st period - Slapshot by Eric Fehr.
16:42 of 1st period - Shot Blocked by Brad Richardson.
16:56 of 1st period - Snap shot by Tomas Plekanec.
16:56 of 1st period - Stopped by Jaroslav Halak with a rebound.
17:16 of 1st period - Wrist shot by Matt Moulson.
17:16 of 1st period - Stopped by Kari Lehtonen without a rebound.
17:17 of 1st period - Patrice Bergeron wins face-off versus Daniel Alfredsson in Predators zone.
17:32 of 1st period - Roman Josi is hit by James van Riemsdyk and loses puck.
18:16 of 1st period - Kevin Shattenkirk is hit by Evander Kane and loses puck.
18:34 of 1st period - Off-side.
18:35 of 1st period - Tomas Plekanec wins face-off versus Jeff Skinner in neutral zone.
18:38 of 1st period - Slapshot by Trevor Daley.
18:38 of 1st period - Deflect By Jeff Skinner.
18:38 of 1st period - Stopped by Jaroslav Halak with a rebound.
19:29 of 1st period - Snap shot by Logan Couture.
19:29 of 1st period - Deflect By Daniel Alfredsson.
19:29 of 1st period - Shot Misses the Net.
19:29 of 1st period - Puck is out of play.
19:30 of 1st period - James van Riemsdyk wins face-off versus Patrice Bergeron in Predators zone.
Goals for this period are 1 for Predators vs 0 for Rangers.
Shots for this period are 17 for Predators vs 10 for Rangers.

2nd period


0:01 of 2nd period - Antoine Vermette wins face-off versus James van Riemsdyk in neutral zone.
0:10 of 2nd period - Wrist shot by Evander Kane.
0:10 of 2nd period - Shot Blocked by Kevin Shattenkirk.
0:12 of 2nd period - Slapshot by Trevor Daley.
0:12 of 2nd period - Stopped by Jaroslav Halak without a rebound.
0:13 of 2nd period - Antoine Vermette wins face-off versus James van Riemsdyk in Rangers zone.
0:22 of 2nd period - Slapshot by Antoine Vermette.
0:22 of 2nd period - Stopped by Jaroslav Halak without a rebound.
0:23 of 2nd period - Patrice Bergeron wins face-off versus Jay McClement in Rangers zone.
0:24 of 2nd period - Snap shot by Corey Perry.
0:24 of 2nd period - Shot Misses the Net.
0:26 of 2nd period - Minor Penalty to Kevin Bieksa for Tripping.
0:27 of 2nd period - Antoine Vermette wins face-off versus James van Riemsdyk in Rangers zone.
0:42 of 2nd period - Snap shot by Valtteri Filppula.
0:42 of 2nd period - Shot Blocked by Kevin Shattenkirk.
0:44 of 2nd period - Wrist shot by Valtteri Filppula.
0:44 of 2nd period - Stopped by Jaroslav Halak without a rebound.
0:45 of 2nd period - Antoine Vermette wins face-off versus James van Riemsdyk in Rangers zone.
1:01 of 2nd period - Minor Penalty to James van Riemsdyk for Hooking.
1:02 of 2nd period - Brad Richardson wins face-off versus Evander Kane in Rangers zone.
1:24 of 2nd period - Snap shot by Evander Kane.
1:24 of 2nd period - Shot Blocked by Brad Richardson.
1:26 of 2nd period - Wrist shot by Damien Brunner.
1:26 of 2nd period - Shot Misses the Net.
1:28 of 2nd period - Snap shot by Trevor Daley.
1:28 of 2nd period - Stopped by Jaroslav Halak with a rebound.
1:40 of 2nd period - Slapshot by Philip Larsen.
1:40 of 2nd period - Deflect By Brad Richardson.
1:40 of 2nd period - Stopped by Kari Lehtonen with a rebound.
1:42 of 2nd period - Minor Penalty to Evander Kane for Cross-checking.
1:43 of 2nd period - Patrice Bergeron wins face-off versus Brad Richardson in Predators zone.
1:50 of 2nd period - Slapshot by Roman Josi.
1:50 of 2nd period - Shot Misses the Net.
2:26 of 2nd period - Penalty to Kevin Bieksa is over, Kevin Bieksa is back on ice.
3:01 of 2nd period - Penalty to James van Riemsdyk is over, James van Riemsdyk is back on ice.
3:42 of 2nd period - Penalty to Evander Kane is over, Evander Kane is back on ice.
3:52 of 2nd period - Jay McClement is hit by Eric Fehr and loses puck.
3:59 of 2nd period - Slapshot by Luca Sbisa.
3:59 of 2nd period - Shot Blocked by Nick Schultz.
4:01 of 2nd period - Wrist shot by Justin Falk.
4:01 of 2nd period - Stopped by Kari Lehtonen without a rebound.
4:02 of 2nd period - Antoine Vermette wins face-off versus Jay McClement in Predators zone.
4:48 of 2nd period - Brian Lashoff is hit by Maxim Lapierre.
5:42 of 2nd period - Francis Bouillon is hit by Brian Lashoff and loses puck.
6:50 of 2nd period - Slapshot by Roman Josi.
6:50 of 2nd period - Shot Misses the Net.
6:52 of 2nd period - Slapshot by Ed Jovanovski.
6:52 of 2nd period - Deflect By Antoine Vermette.
6:52 of 2nd period - Shot Blocked by Francis Bouillon.
6:52 of 2nd period - Puck is out of play.
6:53 of 2nd period - Jeff Skinner wins face-off versus Antoine Vermette in Rangers zone.
7:09 of 2nd period - Minor Penalty to Patrick Maroon for Holding.
7:10 of 2nd period - Tomas Plekanec wins face-off versus Jay McClement in Predators zone.
7:32 of 2nd period - Slapshot by Kevin Shattenkirk.
7:32 of 2nd period - Stopped by Kari Lehtonen without a rebound.
7:33 of 2nd period - James van Riemsdyk wins face-off versus Evander Kane in Predators zone.
7:46 of 2nd period - Slapshot by Daniel Alfredsson.
7:46 of 2nd period - Goal by Daniel Alfredsson - Predators : 1 - Rangers : 1.
7:47 of 2nd period - Jay McClement wins face-off versus Corey Perry in neutral zone.
8:36 of 2nd period - Nick Schultz is hit by Kevin Bieksa and loses puck.
8:43 of 2nd period - Snap shot by Matt Moulson.
8:43 of 2nd period - Stopped by Kari Lehtonen with a rebound.
8:45 of 2nd period - Slapshot by Luca Sbisa.
8:45 of 2nd period - Stopped by Kari Lehtonen with a rebound.
8:47 of 2nd period - Slapshot by Jamie McBain.
8:47 of 2nd period - Shot Blocked by Trevor Daley.
9:07 of 2nd period - Brad Richardson is hit by Evander Kane and loses puck.
9:46 of 2nd period - Wrist shot by Daniel Alfredsson.
9:46 of 2nd period - Stopped by Kari Lehtonen with a rebound.
10:20 of 2nd period - Corey Tropp is hit by Daniel Sedin.
10:38 of 2nd period - Patrice Bergeron is hit by Maxim Lapierre.
11:13 of 2nd period - Kevin Bieksa is hit by Eric Fehr and loses puck.
11:40 of 2nd period - Backhand shot by Evander Kane.
11:40 of 2nd period - Stopped by Jaroslav Halak without a rebound.
11:41 of 2nd period - Antoine Vermette wins face-off versus Jay McClement in Rangers zone.
12:10 of 2nd period - Snap shot by Daniel Sedin.
12:10 of 2nd period - Stopped by Kari Lehtonen with a rebound.
12:12 of 2nd period - Wrist shot by Luca Sbisa.
12:12 of 2nd period - Deflect By Daniel Sedin.
12:12 of 2nd period - Stopped by Kari Lehtonen with a rebound.
12:22 of 2nd period - Luca Sbisa is hit by Valtteri Filppula and loses puck.
12:38 of 2nd period - Minor Penalty to Kevin Bieksa for Slashing.
12:39 of 2nd period - Patrice Bergeron wins face-off versus James van Riemsdyk in Rangers zone.
12:51 of 2nd period - Off-side.
12:52 of 2nd period - Damien Brunner wins face-off versus James van Riemsdyk in neutral zone.
12:59 of 2nd period - Wrist shot by Patrice Bergeron.
12:59 of 2nd period - Shot Misses the Net.
13:01 of 2nd period - Snap shot by Trevor Daley.
13:01 of 2nd period - Shot Misses the Net.
13:03 of 2nd period - Slapshot by Roman Josi.
13:03 of 2nd period - Goal by Roman Josi - Predators : 2 - Rangers : 1.
13:04 of 2nd period - Jay McClement wins face-off versus Antoine Vermette in neutral zone.
13:13 of 2nd period - Nick Schultz is hit by Kevin Bieksa and loses puck.
13:33 of 2nd period - Minor Penalty to Evander Kane for Hooking.
13:34 of 2nd period - Antoine Vermette wins face-off versus James van Riemsdyk in Predators zone.
14:30 of 2nd period - Ed Jovanovski is hit by Kevin Shattenkirk and loses puck.
14:42 of 2nd period - Snap shot by Daniel Sedin.
14:42 of 2nd period - Shot Misses the Net.
14:44 of 2nd period - Snap shot by Jay McClement.
14:44 of 2nd period - Shot Misses the Net.
14:46 of 2nd period - Slapshot by Luca Sbisa.
14:46 of 2nd period - Shot Misses the Net.
14:48 of 2nd period - Wrist shot by Todd Bertuzzi.
14:48 of 2nd period - Shot Blocked by Roman Josi.
15:33 of 2nd period - Penalty to Evander Kane is over, Evander Kane is back on ice.
15:37 of 2nd period - Tomas Plekanec is hit by Luca Sbisa and loses puck.
15:50 of 2nd period - Slapshot by Evander Kane.
15:50 of 2nd period - Shot Blocked by Jay McClement.
15:52 of 2nd period - Slapshot by Trevor Daley.
15:52 of 2nd period - Stopped by Jaroslav Halak with a rebound.
16:57 of 2nd period - Victor Bartley is hit by Matt Moulson and loses puck.
18:13 of 2nd period - Kevin Shattenkirk is hit by Victor Bartley and loses puck.
18:28 of 2nd period - Wrist shot by Roman Josi.
18:28 of 2nd period - Stopped by Jaroslav Halak without a rebound.
18:29 of 2nd period - Antoine Vermette wins face-off versus Jeff Skinner in Rangers zone.
18:30 of 2nd period - Wrist shot by Corey Tropp.
18:30 of 2nd period - Stopped by Jaroslav Halak without a rebound.
18:31 of 2nd period - Antoine Vermette wins face-off versus Jeff Skinner in Rangers zone.
19:17 of 2nd period - Wrist shot by Logan Couture.
19:17 of 2nd period - Shot Misses the Net.
19:49 of 2nd period - Snap shot by Philip Larsen.
19:49 of 2nd period - Stopped by Kari Lehtonen with a rebound.
Goals for this period are 1 for Predators vs 1 for Rangers.
Shots for this period are 9 for Predators vs 10 for Rangers.

3rd period


0:01 of 3rd period - Antoine Vermette wins face-off versus James van Riemsdyk in neutral zone.
0:28 of 3rd period - Wrist shot by Daniel Alfredsson.
0:28 of 3rd period - Stopped by Kari Lehtonen without a rebound.
0:29 of 3rd period - Patrice Bergeron wins face-off versus Jay McClement in Predators zone.
0:56 of 3rd period - Patrice Bergeron is hit by Luca Sbisa and loses puck.
1:25 of 3rd period - Snap shot by Jeff Skinner.
1:25 of 3rd period - Stopped by Kari Lehtonen with a rebound.
1:37 of 3rd period - Valtteri Filppula is hit by Kevin Bieksa and loses puck.
2:28 of 3rd period - Snap shot by Antoine Vermette.
2:28 of 3rd period - Deflect By Damien Brunner.
2:28 of 3rd period - Shot Misses the Net.
2:28 of 3rd period - Puck is out of play.
2:29 of 3rd period - Jay McClement wins face-off versus Tomas Plekanec in Rangers zone.
3:21 of 3rd period - Slapshot by James van Riemsdyk.
3:21 of 3rd period - Shot Blocked by Corey Tropp.
3:23 of 3rd period - Backhand shot by Tanner Glass.
3:23 of 3rd period - Shot Misses the Net.
3:25 of 3rd period - Snap shot by Jamie McBain.
3:25 of 3rd period - Shot Misses the Net.
3:27 of 3rd period - Slapshot by Luca Sbisa.
3:27 of 3rd period - Deflect By Maxim Lapierre.
3:27 of 3rd period - Shot Misses the Net.
3:27 of 3rd period - Puck is out of play.
3:28 of 3rd period - Maxim Lapierre wins face-off versus Antoine Vermette in Predators zone.
3:29 of 3rd period - Snap shot by Jamie McBain.
3:29 of 3rd period - Shot Misses the Net.
3:31 of 3rd period - Slapshot by Tanner Glass.
3:31 of 3rd period - Shot Misses the Net.
3:58 of 3rd period - Off-side.
3:59 of 3rd period - Antoine Vermette wins face-off versus Jeff Skinner in neutral zone.
4:10 of 3rd period - Backhand shot by Evander Kane.
4:10 of 3rd period - Stopped by Jaroslav Halak with a rebound.
4:12 of 3rd period - Slapshot by Nick Schultz.
4:12 of 3rd period - Shot Blocked by Kevin Shattenkirk.
4:14 of 3rd period - Slapshot by Nick Schultz.
4:14 of 3rd period - Deflect By Antoine Vermette.
4:14 of 3rd period - Stopped by Jaroslav Halak with a rebound.
4:16 of 3rd period - Slapshot by Nick Schultz.
4:16 of 3rd period - Deflect By Kevin Bieksa.
4:16 of 3rd period - Stopped by Jaroslav Halak with a rebound.
4:18 of 3rd period - Slapshot by Trevor Daley.
4:18 of 3rd period - Shot Misses the Net.
4:20 of 3rd period - Slapshot by Trevor Daley.
4:20 of 3rd period - Shot Blocked by Kevin Bieksa.
4:40 of 3rd period - Brad Richardson is hit by Nick Schultz and loses puck.
4:49 of 3rd period - Wrist shot by Tomas Plekanec.
4:49 of 3rd period - Shot Misses the Net.
4:54 of 3rd period - Slapshot by Ed Jovanovski.
4:54 of 3rd period - Deflect By Tomas Plekanec.
4:54 of 3rd period - Shot Blocked by Kevin Bieksa.
4:54 of 3rd period - Puck is out of play.
4:55 of 3rd period - Patrice Bergeron wins face-off versus Jay McClement in Rangers zone.
4:56 of 3rd period - Snap shot by Valtteri Filppula.
4:56 of 3rd period - Shot Misses the Net.
4:58 of 3rd period - Wrist shot by Roman Josi.
4:58 of 3rd period - Shot Misses the Net.
5:00 of 3rd period - Slapshot by Roman Josi.
5:00 of 3rd period - Shot Misses the Net.
5:02 of 3rd period - Wrist shot by Ed Jovanovski.
5:02 of 3rd period - Deflect By Valtteri Filppula.
5:02 of 3rd period - Shot Misses the Net.
5:02 of 3rd period - Puck is out of play.
5:03 of 3rd period - Daniel Sedin wins face-off versus Patrice Bergeron in Rangers zone.
5:05 of 3rd period - Minor Penalty to Luca Sbisa for Holding.
5:06 of 3rd period - Patrice Bergeron wins face-off versus James van Riemsdyk in Rangers zone.
5:20 of 3rd period - Wrist shot by Evander Kane.
5:20 of 3rd period - Goal by Evander Kane - Predators : 3 - Rangers : 1.
5:21 of 3rd period - James van Riemsdyk wins face-off versus Antoine Vermette in neutral zone.
5:59 of 3rd period - Minor Penalty to James van Riemsdyk for Hooking.
6:00 of 3rd period - Antoine Vermette wins face-off versus Brad Richardson in Rangers zone.
6:45 of 3rd period - Kevin Bieksa is hit by Roman Josi and loses puck.
7:39 of 3rd period - Patrice Bergeron is hit by Kevin Bieksa and loses puck.
7:48 of 3rd period - Daniel Sedin is hit by Roman Josi and loses puck.
7:59 of 3rd period - Penalty to James van Riemsdyk is over, James van Riemsdyk is back on ice.
8:07 of 3rd period - Nick Schultz is hit by Kevin Bieksa and loses puck.
8:12 of 3rd period - Slapshot by Jamie McBain.
8:12 of 3rd period - Stopped by Kari Lehtonen with a rebound.
8:18 of 3rd period - Maxim Lapierre is hit by Ed Jovanovski and loses puck.
9:02 of 3rd period - Snap shot by Jeff Skinner.
9:02 of 3rd period - Stopped by Kari Lehtonen with a rebound.
11:22 of 3rd period - Off-side.
11:23 of 3rd period - Patrice Bergeron wins face-off versus Tanner Glass in neutral zone.
11:28 of 3rd period - Slapshot by Valtteri Filppula.
11:28 of 3rd period - Shot Blocked by Kevin Bieksa.
11:30 of 3rd period - Snap shot by Corey Perry.
11:30 of 3rd period - Shot Blocked by Kevin Bieksa.
11:32 of 3rd period - Snap shot by Victor Bartley.
11:32 of 3rd period - Shot Misses the Net.
11:34 of 3rd period - Snap shot by Victor Bartley.
11:34 of 3rd period - Shot Blocked by Justin Falk.
11:48 of 3rd period - Snap shot by Tomas Plekanec.
11:48 of 3rd period - Shot Misses the Net.
12:58 of 3rd period - Roman Josi is hit by Brad Richardson and loses puck.
13:09 of 3rd period - Minor Penalty to Jeff Skinner for Tripping.
13:10 of 3rd period - James van Riemsdyk wins face-off versus Patrice Bergeron in Rangers zone.
13:48 of 3rd period - Off-side.
13:49 of 3rd period - Brad Richardson wins face-off versus Tomas Plekanec in neutral zone.
13:52 of 3rd period - Corey Perry is hit by Brad Richardson and loses puck.
14:05 of 3rd period - Snap shot by Valtteri Filppula.
14:05 of 3rd period - Stopped by Jaroslav Halak with a rebound.
14:07 of 3rd period - Slapshot by Nick Schultz.
14:07 of 3rd period - Stopped by Jaroslav Halak with a rebound.
14:09 of 3rd period - Wrist shot by Valtteri Filppula.
14:09 of 3rd period - Shot Misses the Net.
14:11 of 3rd period - Slapshot by Ed Jovanovski.
14:11 of 3rd period - Goal by Ed Jovanovski - Predators : 4 - Rangers : 1.
14:12 of 3rd period - Jay McClement wins face-off versus Tomas Plekanec in neutral zone.
14:25 of 3rd period - Slapshot by Kevin Shattenkirk.
14:25 of 3rd period - Deflect By Todd Bertuzzi.
14:25 of 3rd period - Shot Blocked by Nick Schultz.
14:25 of 3rd period - Puck is out of play.
14:26 of 3rd period - Jay McClement wins face-off versus Tomas Plekanec in Predators zone.
16:43 of 3rd period - Wrist shot by Antoine Vermette.
16:43 of 3rd period - Stopped by Jaroslav Halak with a rebound.
16:45 of 3rd period - Slapshot by Brian Lashoff.
16:45 of 3rd period - Deflect By Antoine Vermette.
16:45 of 3rd period - Shot Misses the Net.
16:45 of 3rd period - Puck is out of play.
16:46 of 3rd period - Antoine Vermette wins face-off versus James van Riemsdyk in Rangers zone.
19:07 of 3rd period - Victor Bartley is hit by James van Riemsdyk and loses puck.
19:30 of 3rd period - Antoine Vermette is hit by Matt Moulson.
19:40 of 3rd period - Wrist shot by Tomas Plekanec.
19:40 of 3rd period - Shot Misses the Net.
19:44 of 3rd period - Snap shot by Tomas Plekanec.
19:44 of 3rd period - Stopped by Jaroslav Halak without a rebound.
19:45 of 3rd period - Maxim Lapierre wins face-off versus Tomas Plekanec in Rangers zone.
Goals for this period are 2 for Predators vs 0 for Rangers.
Shots for this period are 9 for Predators vs 4 for Rangers.


Output by the SimonT Hockey Simulator (STHS) for Eric Dolegowski -- Original Page W3C XHTML 1.0 Valid
Hockey Simulator - Hockey Simulation - Hockey Manager